 Dungeon Crawl Stone Soup version 0.15.2 (webtiles) character file.

68 hyltron the Fey Orc (level 4, -10/37 HPs)
             Began as a Hill Orc Death Knight on Aug 2, 2017.
             Was a Believer of Yredelemnul.
             Mangled by an ogre
             ... wielding a +0 giant club
              (11 damage)
             ... on Level 3 of the Dungeon.
             The game lasted 00:24:04 (1976 turns).

hyltron the Fey Orc (Hill Orc Death Knight)         Turns: 1976, Time: 00:24:04

HP -10/37        AC  8     Str 16      XL: 4   Next: 19%
MP   7/7         EV  6     Int 10 (11) God: Yredelemnul [**....]
Gold 107         SH  0     Dex 10      Spells:  0 memorised,  3 levels left

rFire  . . .     SeeInvis .     a - +1 falchion
rCold  . . .     Clarity  .     z - +0 chain mail
rNeg   . . .     rCorr    .     (no shield)
rPois  .         rRot     .     (no helmet)
rElec  .         Spirit   .     (no cloak)
SustAb .         Warding  .     (no gloves)
rMut   .         Stasis   .     (no boots)
Gourm  .                        (no amulet)
MR     .....                    (no ring)
                                (no ring)

@: about to teleport, very slightly contaminated, not resistant to hostile
enchantments, extremely unstealthy
A: no striking features
a: Animate Remains, Recall Undead Slaves, Injury Mirror, Renounce Religion


You were on level 3 of the Dungeon.
You worshipped Yredelemnul.
Yredelemnul was pleased with you.
You were not hungry.

You visited 1 branch of the dungeon, and saw 3 of its levels.

You collected 107 gold pieces.

Inventory:

Hand weapons
 a - a +1 falchion (weapon)
 d - a +0 whip
 k - a +0 hunting sling
 l - a +0 short sword
 q - a +0 cutlass
Missiles
 f - 45 arrows
 h - 19 poisoned needles (quivered)
 j - 35 stones
 m - 13 sling bullets of flame
Armour
 b - a +0 leather armour
 i - a +0 ring mail
 o - a +0 robe
 z - a +0 chain mail (worn)
 A - a +1 leather armour of fire resistance
Comestibles
 c - 2 fruits
 p - a bread ration
 t - a meat ration
Scrolls
 g - 3 scrolls of teleportation
 n - 2 scrolls of remove curse
 x - a scroll of fear {unknown}
 y - a scroll of fog {unknown}
Jewellery
 u - an uncursed ring of sustain abilities {unknown}
 w - an uncursed ring of ice {unknown}
Potions
 e - a potion of restore abilities {unknown}
 s - a potion of experience {unknown}
 v - a potion of mutation {unknown}


   Skills:
 + Level 2.8 Fighting
 + Level 2.8 Long Blades
 + Level 2.3 Armour
 + Level 1.1 Dodging
 + Level 4.7 Invocations


You had 3 spell levels left.
You didn't know any spells.

Dungeon Overview and Level Annotations

Branches:
Dungeon (3/15)

Altars:
Makhleb


Message History

As you read the scroll of blinking, it crumbles to dust.
You are very lightly contaminated with residual magic.
Tossing away (i - inventory. (,) - cycle):
h - 21 poisoned needles (quivered)
Press: ? - help, Shift-Dir - straight line, f - ogre
Aim: an ogre, wielding a giant club (heavily wounded)
You toss away a poisoned needle.
The poisoned needle hits the ogre!
The ogre is heavily wounded.
Tossing away (i - inventory. (,) - cycle):
h - 20 poisoned needles (quivered)
Press: ? - help, Shift-Dir - straight line, f/p - ogre
Aim: an ogre, wielding a giant club (heavily wounded)
You toss away a poisoned needle.
The poisoned needle barely misses the ogre.
The ogre hits you with a giant club!
* * * LOW HITPOINT WARNING * * *
You hit the ogre.
The ogre is severely wounded.
As you read the scroll of teleportation, it crumbles to dust.
You feel strangely unstable. The ogre hits you with a giant club!
You die...
Your body rises from the dead as a mindless zombie.

#.# #.# #.# #.# #.# #.#
#.#
#.##################.##
#.....(...(..O@.......#
#######################


You could see an ogre.

Vanquished Creatures
  3 adders
  A worm (D:2)
  An ooze (D:1)
  4 giant cockroaches
  4 goblins
  3 hobgoblins
  3 jackals (D:1)
  6 kobolds
  4 bats
  A giant newt (D:2)
  3 rats
33 creatures vanquished.

Vanquished Creatures (collateral kills)
  A hobgoblin (D:2)
  A jackal (D:1)
  2 kobolds (D:1)
  A goblin (D:2)
5 creatures vanquished.

Vanquished Creatures (others)
  An adder zombie (D:3)
  2 giant cockroach zombies
  A goblin zombie (D:2)
  2 hobgoblin zombies
  A jackal zombie (D:1)
  3 kobold zombies (D:1)
10 creatures vanquished.

Grand Total: 48 creatures vanquished

Notes
Turn   | Place    | Note
--------------------------------------------------------------
     0 | D:1      | hyltron, the Hill Orc Death Knight, began the quest for the Orb.
     0 | D:1      | Reached XP level 1. HP: 18/18 MP: 2/2
   384 | D:1      | Reached XP level 2. HP: 25/25 MP: 4/4
   397 | D:1      | Reached skill level 4 in Invocations
   778 | D:2      | Reached XP level 3. HP: 20/30 MP: 6/6
   919 | D:2      | Reached skill level 1 in Dodging
   944 | D:2      | Found a burning altar of Makhleb.
  1116 | D:2      | Acquired Yredelemnul's second power
  1714 | D:3      | Reached XP level 4. HP: 34/37 MP: 7/7
  1961 | D:3      | Noticed an ogre
  1974 | D:3      | HP: 1/37 [ogre/giant club (10)]
  1976 | D:3      | Mangled by an ogre

Action                   |  1- 3 |  4- 6 || total
-------------------------+-------+-------++-------
Melee: Falchion          |   115 |    15 ||   130
Invok: Animate Remains   |    17 |     1 ||    18
       Recall Undead Sla |     3 |       ||     3
  Use: Scroll            |     4 |     3 ||     7
       Potion            |     3 |       ||     3
 Stab: Distracted        |     1 |       ||     1
  Eat: Meat ration       |     1 |       ||     1
       Fruit             |     1 |       ||     1
